PUB
SEATTLE RAINIERS @ HOLLYWOOD STARS
09/03/1972
 
TOP OF THE 1ST
Seattle Rainiers batting - Pitching for Hollywood Stars : LHP Ray Williams
Pitching: LHP Ray Williams
Batting: RHB Jon Daniels 0-0: Called Strike
0-1: Foul Ball, location: 7LSF
0-2: Fly out, F9 (Flyball, 9LM, EV 100.6 MPH)
Batting: LHB Ricardo Castro 0-0: Called Strike
0-1: Ball
1-1: Ball
2-1: Swinging Strike
2-2: Strikes out swinging
Batting: RHB Ron Santo 0-0: Ground out 5-3 (Groundball, 5, EV 82.5 MPH)
Top of the 1st over - 0 runs, 0 hits, 0 errors, 0 left on base; Seattle 0 - Hollywood 0
BOTTOM OF THE 1ST
Hollywood Stars batting - Pitching for Seattle Rainiers : RHP Jim Palmer
Pitching: RHP Jim Palmer
Batting: SHB Tetsuhiko Harada 0-0: SINGLE (Line Drive, 4MD, EV 100.6 MPH)
Batting: LHB Jimmie Hall 0-0: Ball
1-0: Ball
2-0: Ball
3-0: Base on Balls
Tetsuhiko Harada to second
Batting: LHB Bob James 0-0: Ball
1-0: Swinging Strike
1-1: Called Strike
1-2: Foul Ball, location: 23FF
1-2: Ball
2-2: Ball
3-2: Fly out, F6 (Popup, 6, EV 73.8 MPH)
Batting: RHB Brian Fowler 0-0: SINGLE (Line Drive, 56, EV 99.4 MPH)
Tetsuhiko Harada to third
Jimmie Hall to second
Batting: RHB Anthony Townsend 0-0: Called Strike
0-1: Foul Ball, location: 3FF
0-2: Fly out, F8 (Flyball, 89D, EV 80.6 MPH)
Runner from 3rd tags up, OUT at HOME! 8-2
Bottom of the 1st over - 0 runs, 2 hits, 0 errors, 2 left on base; Seattle 0 - Hollywood 0
TOP OF THE 2ND
Seattle Rainiers batting - Pitching for Hollywood Stars : LHP Ray Williams
Batting: SHB Raúl Díaz 0-0: Ball
1-0: Foul Ball, location: 9LSF
1-1: Ball
2-1: Foul Ball, location: 25F
2-2: Ball
3-2: Ground out 1-3 (Groundball, 13S, EV 74.4 MPH)
Batting: LHB Ralph Boardman 0-0: Ball
1-0: SINGLE (Flyball, 8RS, EV 87.5 MPH)
Batting: RHB Aaron Andrews 0-0: Ball
1-0: Ball
2-0: Called Strike
2-1: Foul Ball, location: 2F
2-2: Ball
3-2: Base on Balls
Ralph Boardman to second
Batting: LHB Tom Haller 0-0: Ball
1-0: Ball
2-0: Ball
3-0: Called Strike
3-1: Grounds into double play, 6-4-3 (Groundball, 6, EV 103.1 MPH)
Top of the 2nd over - 0 runs, 1 hit, 0 errors, 1 left on base; Seattle 0 - Hollywood 0
BOTTOM OF THE 2ND
Hollywood Stars batting - Pitching for Seattle Rainiers : RHP Jim Palmer
Batting: SHB Jonathan Burke 0-0: Foul Ball, location: 7LMF
0-1: Ball
1-1: Called Strike
1-2: Strikes out swinging
Batting: RHB Arturo Gonzáles 0-0: Ball
1-0: Called Strike
1-1: Fly out, F8 (Line Drive, 8LD, EV 90.0 MPH)
Batting: LHB Eugene Williams 0-0: Called Strike
0-1: Ball
1-1: Called Strike
1-2: Ball
2-2: DOUBLE (Groundball, 3L, EV 108.8 MPH)
Batting: RHB Ray Williams 0-0: Foul Ball, location: 3FF
0-1: Swinging Strike
0-2: Ground out 6-3 (Groundball, 6, EV 107.5 MPH)
Bottom of the 2nd over - 0 runs, 1 hit, 0 errors, 1 left on base; Seattle 0 - Hollywood 0
TOP OF THE 3RD
Seattle Rainiers batting - Pitching for Hollywood Stars : LHP Ray Williams
Batting: LHB Leland Pearson 0-0: Called Strike
0-1: Foul Ball, location: 2F
0-2: Fly out, F6 (Popup, 6MD, EV 51.3 MPH)
Batting: RHB Jim Palmer 0-0: Ball
1-0: Ground out 6-3 (Groundball, 6S, EV 71.9 MPH)
Batting: RHB Jon Daniels 0-0: Ball
1-0: Swinging Strike
1-1: Ball
2-1: Ball
3-1: SINGLE (Groundball, 6MD, EV 86.9 MPH) (infield hit)
Batting: LHB Ricardo Castro 0-0: Ball
1-0: Foul Ball, location: 2F
1-1: Ground out 6-3 (Groundball, P, EV 85.6 MPH)
Top of the 3rd over - 0 runs, 1 hit, 0 errors, 1 left on base; Seattle 0 - Hollywood 0
BOTTOM OF THE 3RD
Hollywood Stars batting - Pitching for Seattle Rainiers : RHP Jim Palmer
Batting: SHB Tetsuhiko Harada 0-0: Called Strike
0-1: Ground out U3 (Groundball, 3, EV 100.6 MPH)
Batting: LHB Jimmie Hall 0-0: Called Strike
0-1: Ball
1-1: Foul Ball, location: 2F
1-2: Ground out U3 (Groundball, 3S, EV 81.3 MPH)
Batting: LHB Bob James 0-0: Ball
1-0: Called Strike
1-1: Ball
2-1: Foul Ball, location: 2LF
2-2: Foul Ball, location: 23F
2-2: Foul Ball, location: 3F
2-2: Strikes out swinging
Bottom of the 3rd over - 0 runs, 0 hits, 0 errors, 0 left on base; Seattle 0 - Hollywood 0
TOP OF THE 4TH
Seattle Rainiers batting - Pitching for Hollywood Stars : LHP Ray Williams
Batting: RHB Ron Santo 0-0: Ball
1-0: Ball
2-0: Called Strike
2-1: Ball
3-1: Foul Ball, location: 5F
3-2: Foul Ball, location: 5F
3-2: SINGLE (Flyball, 56D, EV 85.6 MPH)
Batting: SHB Raúl Díaz 0-0: Fielders Choice at 2nd, 4-6 (Groundball, 13, EV 88.8 MPH)
Batting: LHB Ralph Boardman 0-0: Called Strike
Raúl Díaz steals 2nd base
0-1: Called Strike
0-2: Strikes out swinging
Batting: RHB Aaron Andrews 0-0: Called Strike
0-1: Foul Ball, location: 2F
0-2: Ball
1-2: Ball
2-2: Strikes out swinging
Top of the 4th over - 0 runs, 1 hit, 0 errors, 1 left on base; Seattle 0 - Hollywood 0
BOTTOM OF THE 4TH
Hollywood Stars batting - Pitching for Seattle Rainiers : RHP Jim Palmer
Batting: RHB Brian Fowler 0-0: Ball
1-0: Ball
2-0: Called Strike
2-1: Foul Ball, location: 9LDF
2-2: Foul Ball, location: 2F
2-2: Ball
3-2: Foul Ball, location: 2F
3-2: Foul Ball, location: 25F
3-2: Fly out, F7 (Flyball, 7S, EV 88.1 MPH)
Batting: RHB Anthony Townsend 0-0: Called Strike
0-1: Swinging Strike
0-2: Ball
1-2: Foul Ball, location: 2F
1-2: DOUBLE (Flyball, 89XD, EV 104.4 MPH)
Batting: SHB Jonathan Burke 0-0: Swinging Strike
0-1: Foul Ball, location: 7LSF
0-2: Ball
1-2: Ball
2-2: Foul Ball, location: 2F
2-2: Ball
3-2: 2-RUN HOME RUN (Flyball, 9D, EV 95.6 MPH), Distance : 398 ft
Batting: RHB Arturo Gonzáles 0-0: Ball
1-0: Fly out, F8 (Flyball, 8LD, EV 96.9 MPH)
Batting: LHB Eugene Williams 0-0: Fly out, F7 (Flyball, 7, EV 94.4 MPH)
Bottom of the 4th over - 2 runs, 2 hits, 0 errors, 0 left on base; Seattle 0 - Hollywood 2
TOP OF THE 5TH
Seattle Rainiers batting - Pitching for Hollywood Stars : LHP Ray Williams
Batting: LHB Tom Haller 0-0: Ball
1-0: Ball
2-0: Swinging Strike
2-1: Foul Ball, location: 3FF
2-2: Ball
3-2: Strikes out looking
Batting: LHB Leland Pearson 0-0: SINGLE (Groundball, 4D, EV 111.3 MPH)
Batting: RHB Jim Palmer 0-0: Bunted foul
0-1: Sac Bunt to 25 - play at first, batter OUT! 5-3
Leland Pearson to second
Batting: RHB Jon Daniels 0-0: Swinging Strike
0-1: Ball
1-1: Fly out, F6 (Popup, P, EV 81.3 MPH)
Top of the 5th over - 0 runs, 1 hit, 0 errors, 1 left on base; Seattle 0 - Hollywood 2
BOTTOM OF THE 5TH
Hollywood Stars batting - Pitching for Seattle Rainiers : RHP Jim Palmer
Batting: RHB Ray Williams 0-0: Ground out 5-3 (Groundball, 5, EV 85.0 MPH)
Batting: SHB Tetsuhiko Harada 0-0: Ball
1-0: Fly out, F8 (Flyball, 89D, EV 102.5 MPH)
Batting: LHB Jimmie Hall 0-0: Ball
1-0: Ball
2-0: Called Strike
2-1: Ball
3-1: Swinging Strike
3-2: Strikes out swinging
Bottom of the 5th over - 0 runs, 0 hits, 0 errors, 0 left on base; Seattle 0 - Hollywood 2
TOP OF THE 6TH
Seattle Rainiers batting - Pitching for Hollywood Stars : LHP Ray Williams
Batting: LHB Ricardo Castro 0-0: Ball
1-0: Ball
2-0: Ball
3-0: Called Strike
3-1: Base on Balls
Batting: RHB Ron Santo 0-0: Ball
1-0: Called Strike
1-1: Ball
2-1: Ball
3-1: Swinging Strike
3-2: Strikes out swinging
Batting: SHB Raúl Díaz 0-0: Ball
1-0: Foul Ball, location: 5DF
1-1: Called Strike
1-2: Strikes out swinging
Batting: LHB Ralph Boardman 0-0: Foul Ball, location: 7LMF
0-1: Hit by Pitch
Ricardo Castro to second
Batting: RHB Aaron Andrews 0-0: Fielders Choice at 2nd, U4 (Groundball, 4M, EV 87.5 MPH)
Top of the 6th over - 0 runs, 0 hits, 0 errors, 2 left on base; Seattle 0 - Hollywood 2
BOTTOM OF THE 6TH
Hollywood Stars batting - Pitching for Seattle Rainiers : RHP Jim Palmer
Batting: LHB Bob James 0-0: Ball
1-0: Ball
2-0: SINGLE (Line Drive, 6D, EV 96.9 MPH)
Batting: RHB Brian Fowler 0-0: Ground out 4-3 (Groundball, 13, EV 83.8 MPH)
Bob James to second
Batting: RHB Anthony Townsend 0-0: Ball
1-0: SINGLE (Groundball, 23, EV 68.1 MPH) (infield hit)
Bob James to third
Batting: SHB Jonathan Burke 0-0: Fly out, F8 (Flyball, 8LM, EV 86.3 MPH)
Batting: RHB Arturo Gonzáles 0-0: Ball
1-0: Ball
2-0: Ball
3-0: Base on Balls
Anthony Townsend to second
Batting: LHB Eugene Williams 0-0: Swinging Strike
0-1: Foul Ball, location: 2F
0-2: Strikes out swinging
Bottom of the 6th over - 0 runs, 2 hits, 0 errors, 3 left on base; Seattle 0 - Hollywood 2
TOP OF THE 7TH
Seattle Rainiers batting - Pitching for Hollywood Stars : LHP Ray Williams
Batting: LHB Tom Haller 0-0: Swinging Strike
0-1: Ball
1-1: Foul Ball, location: 2F
1-2: Foul Ball, location: 2F
1-2: Ball
2-2: Ball
3-2: Foul Ball, location: 5F
3-2: Foul Ball, location: 2F
3-2: SINGLE (Line Drive, 34D, EV 98.1 MPH)
Pinch Hitting: RHB Buddy Bell 0-0: Called Strike
0-1: Ball
1-1: Foul Ball, location: 3FF
1-2: Ball
2-2: Strikes out swinging
Pinch Hitting: RHB Allan Fanner 0-0: Ball
1-0: SINGLE (Groundball, 4MD, EV 102.5 MPH)
Tom Haller to second
Tom Haller to third
Batting: RHB Jon Daniels 0-0: Ball
1-0: Called Strike
1-1: Ball
2-1: Ball
3-1: DOUBLE (Line Drive, 7LM, EV 85.6 MPH)
Tom Haller scores
Allan Fanner to third
Batting: LHB Ricardo Castro 0-0: Swinging Strike
0-1: Swinging Strike
0-2: Strikes out swinging
Batting: RHB Ron Santo 0-0: Called Strike
0-1: Foul Ball, location: 2F
0-2: Ball
1-2: Ball
2-2: Foul Ball, location: 2F
2-2: SINGLE (Groundball, 4MD, EV 99.4 MPH)
Allan Fanner scores
Jon Daniels to third
Runner from 3rd tries for Home, SAFE, throw by CF to home
Batting: SHB Raúl Díaz 0-0: Ball
1-0: Foul Ball, location: 9LSF
1-1: Called Strike
1-2: SINGLE (Line Drive, 4D, EV 99.4 MPH)
Ron Santo to second
Runner from 2nd tries for 3rd, OUT! 9-5
Top of the 7th over - 3 runs, 5 hits, 0 errors, 1 left on base; Seattle 3 - Hollywood 2
BOTTOM OF THE 7TH
Hollywood Stars batting - Pitching for Seattle Rainiers : RHP Jim Palmer
Pitching: RHP Xavier Reece
Now at 1B: Chris Chambliss
Now at SS: Ted Kern
Now in RF: Buddy Bell
Pinch Hitting: LHB Ken Steele 0-0: Ball
1-0: Ball
2-0: Ball
3-0: Swinging Strike
3-1: Swinging Strike
3-2: Strikes out swinging
Batting: SHB Tetsuhiko Harada 0-0: Called Strike
0-1: Foul Ball, location: 3FF
0-2: Ball
1-2: Ball
2-2: Fly out, F8 (Flyball, 8LD, EV 98.1 MPH)
Batting: LHB Jimmie Hall 0-0: Foul Ball, location: 9LSF
0-1: Fly out, F8 (Flyball, 8RM, EV 76.9 MPH)
Bottom of the 7th over - 0 runs, 0 hits, 0 errors, 0 left on base; Seattle 3 - Hollywood 2
TOP OF THE 8TH
Seattle Rainiers batting - Pitching for Hollywood Stars : LHP Ray Williams
Pitching: LHP Mark Wood
Batting: LHB Chris Chambliss 0-0: Called Strike
0-1: Foul Ball, location: 23FF
0-2: Ground out 4-3 (Groundball, 4S, EV 78.1 MPH)
Batting: RHB Aaron Andrews 0-0: Called Strike
0-1: Ball
1-1: Ball
2-1: Foul Ball, location: 3DF
2-2: Ball
3-2: Foul Ball, location: 23F
3-2: SINGLE (Line Drive, 6MD, EV 95.0 MPH)
Batting: LHB Tom Haller 0-0: Ball
1-0: Called Strike
Aaron Andrews steals 2nd base
1-1: Foul Ball, location: 7LDF
1-2: Foul Ball, location: 2F
1-2: Foul Ball, location: 7LDF
1-2: DOUBLE (Flyball, 78D, EV 110.0 MPH)
Aaron Andrews scores
Batting: RHB Buddy Bell 0-0: Intentional Walk
Batting: LHB Ted Kern 0-0: Called Strike
0-1: Swinging Strike
0-2: Ball
1-2: Strikes out looking
Batting: RHB Jon Daniels 0-0: Foul Ball, location: 9LDF
0-1: Ball
1-1: Ground out 6-3 (Groundball, P, EV 86.9 MPH)
Top of the 8th over - 1 run, 2 hits, 0 errors, 2 left on base; Seattle 4 - Hollywood 2
BOTTOM OF THE 8TH
Hollywood Stars batting - Pitching for Seattle Rainiers : RHP Xavier Reece
Batting: LHB Bob James 0-0: Foul Ball, location: 2RF
0-1: Ball
1-1: Called Strike
1-2: Fly out, F8 (Flyball, 8RD, EV 106.9 MPH)
Batting: RHB Brian Fowler 0-0: Called Strike
0-1: Ball
1-1: Fly out, F9 (Flyball, 89M, EV 78.8 MPH)
Batting: RHB Anthony Townsend 0-0: Ball
1-0: Called Strike
1-1: DOUBLE (Flyball, 89D, EV 110.6 MPH)
Batting: SHB Jonathan Burke 0-0: Called Strike
0-1: Ball
1-1: Foul Ball, location: 3FF
1-2: Strikes out swinging
Bottom of the 8th over - 0 runs, 1 hit, 0 errors, 1 left on base; Seattle 4 - Hollywood 2
TOP OF THE 9TH
Seattle Rainiers batting - Pitching for Hollywood Stars : LHP Mark Wood
Pinch Hitting: RHB Bennett Cortéz 0-0: Fly out, F9 (Flyball, 9, EV 83.8 MPH)
Batting: RHB Ron Santo 0-0: Ball
1-0: Ball
2-0: Foul Ball, location: 9LSF
2-1: Ball
3-1: Called Strike
3-2: Ground out U3 (Groundball, 34S, EV 80.6 MPH)
Batting: SHB Raúl Díaz 0-0: Called Strike
0-1: DOUBLE (Line Drive, 5D, EV 98.1 MPH)
Batting: LHB Chris Chambliss 0-0: Ball
1-0: Ball
2-0: Called Strike
2-1: Foul Ball, location: 2F
2-2: Ball
3-2: Ground out 4-3 (Groundball, 4S, EV 78.1 MPH)
Top of the 9th over - 0 runs, 1 hit, 0 errors, 1 left on base; Seattle 4 - Hollywood 2
BOTTOM OF THE 9TH
Hollywood Stars batting - Pitching for Seattle Rainiers : RHP Xavier Reece
Pitching: LHP José Ornelas
Batting: RHB Arturo Gonzáles 0-0: Ground out 6-3 (Groundball, 56, EV 82.5 MPH)
Pinch Hitting: LHB John O'Rourke 0-0: SINGLE (Groundball, 34D, EV 105.0 MPH)
Pinch Hitting: RHB Carl Lott 0-0: Grounds into double play, 6-4-3 (Groundball, 6, EV 104.4 MPH)
Bottom of the 9th over - 0 runs, 1 hit, 0 errors, 0 left on base; Seattle 4 - Hollywood 2
Wednesday, May 1st , 2024 - OOTP Baseball 24.8 Build 75